 Dungeon Crawl Stone Soup version 0.31-a0-931-g7b59d4eb97 (webtiles) character file.

Game seed: 12182456468320266440

102 D12ThenQuit the Ducker (level 4, -1/33 HPs)
             Began as an Octopode Fighter on Oct 19, 2023.
             Slain by a kobold
             ... wielding a +0 short sword
              (3 damage)
             ... on level 2 of the Dungeon.
             The game lasted 00:03:37 (1320 turns).

D12ThenQuit the Ducker (Octopode Fighter)           Turns: 1320, Time: 00:03:38

Health: -1/33      AC:  1    Str: 15    XL:     4   Next: 77%
Magic:  4/4        EV: 13    Int: 12    God:
Gold:   71         SH:  4    Dex: 11    Spells: 3/3 levels left

rFire   . . .        a - +0 rapier
rCold   . . .        b - +0 buckler
rNeg    . . .        (helmet restricted)
rPois   .            (no amulet)
rElec   .            (no ring)
rCorr   .            (no ring)
SInv    .            (no ring)
Will    .....        (no ring)
Stlth   ++           (no ring)
HPRegen 0.25/turn    (no ring)
MPRegen 0.09/turn    (no ring)
                     (no ring)

%: no passive effects
@: on berserk cooldown, slowed, very slow
A: almost no armour, amphibious, 8 rings, camouflage 1, gelatinous body 1,
(nimble swimmer 1), tentacles
a: no special abilities


You were on level 2 of the Dungeon.
You visited 1 branch of the dungeon, and saw 2 of its levels.

You collected 71 gold pieces.

Inventory:

Hand Weapons
 a - a +0 rapier (weapon)
Armour
 b - a +0 buckler (worn)
Scrolls
 d - a scroll of noise {unknown}
 g - 2 scrolls of acquirement {unknown}
 i - a scroll of enchant weapon {unknown}
 l - a scroll of identify {unknown}
 m - a scroll of blinking {unknown}
Potions
 c - a potion of might
 e - a potion of berserk rage
 f - a potion of heal wounds {unknown}
 h - a potion of lignification {unknown}
 j - a potion of invisibility {unknown}
 k - a potion of brilliance {unknown}


   Skills:
 + Level 4.3 Fighting
 - Level 2.0 Short Blades
 + Level 4.3 Dodging
 - Level 3.0 Shields


You had 3 spell levels left.
You didn't know any spells.
Your spell library was empty.

Dungeon Overview and Level Annotations

Branches:
Dungeon (2/15)

Altars:

Shops:
D:1 (


Innate Abilities, Weirdness & Mutations

You cannot wear most types of armour.
You are amphibious.
You can wear up to eight rings at the same time.
Your skin changes colour to match your surroundings (Stealth+).
Your rubbery body absorbs attacks. (AC +1, EV +1)
((You are camouflaged when in or above water. (Stealth+)))
You have tentacles for arms and can constrict up to eight enemies at once.


Message History

You feel yourself moving faster!
You feel mighty!
You feel a strong urge to attack something.
A kobold comes into view. It is wielding a +0 short sword.
The kobold shouts!
You puncture Natasha! You grab Natasha. You squeeze Natasha.
You kill Natasha!
Natasha screams in pain as she dies!
You feel a strong urge to attack something.
You are no longer berserk.
You are exhausted.
You feel yourself slow down. The adder misses you.
There is an escape hatch in the ceiling here.
You hit the adder but do no damage. Your grab misses the adder.
Your squeeze misses the adder. The kobold closely misses you.
The adder bites you.
The kobold hits you with a +0 short sword.
You block the adder's attack.
You barely miss the adder. You grab the adder. Your squeeze misses the adder.
You constrict the adder. The adder bites you.
The kobold hits you with a +0 short sword.
The adder closely misses you. The kobold barely misses you.
You hit the adder.
The adder is heavily wounded.
You constrict the adder. The adder bites you.
* * * LOW HITPOINT WARNING * * *
An adder comes into view.
The adder bites you.
* * * LOW HITPOINT WARNING * * *
The kobold hits you with a +0 short sword.
* * * LOW HITPOINT WARNING * * *
The adder hisses angrily.
You hit the adder but do no damage.
The adder is almost dead.
You constrict the adder!
You kill the adder!
The kobold hits you but does no damage. The kobold barely misses you.
The kobold hits you with a +0 short sword.
* * * LOW HITPOINT WARNING * * *
The kobold hits you with a +0 short sword.
You die...

..#########.
#...#............
###.#.........#.#
###.#.......#?#.#######
.....†................#
....†.................#
................S.....#
...##..#........K.....#
...# >....##....@.....#
...###..#..###.########
...........###.####
....##.####.......#
#.#.#..# #.......#
#......####.......#
###...............#
###.#####.......# #.#
#.......#


You could see an adder and a kobold.

Vanquished Creatures
  Natasha (D:2)
  3 adders (D:2)
  2 dart slugs (D:1)
  7 bats
  2 endoplasms (D:1)
  3 giant cockroaches
  4 goblins (D:1)
  2 hobgoblins (D:1)
  7 jackals
  3 quokkas
  6 ball pythons
  A frilled lizard (D:1)
  3 rats (D:1)
44 creatures vanquished.

Notes
Turn   | Place    | Note
-------+----------+-------------------------------------------
     0 | D:1      | D12ThenQuit the Octopode Fighter began the quest for the
                  | Orb.
     0 | D:1      | Reached XP level 1. HP: 16/16 MP: 1/1
   171 | D:1      | Reached XP level 2. HP: 21/21 MP: 2/2
   530 | D:1      | Reached XP level 3. HP: 26/26 MP: 3/3
   563 | D:1      | Found Bawnavocvu's Antique Weapon Shoppe.
  1253 | D:2      | Reached XP level 4. HP: 32/33 MP: 4/4
  1303 | D:2      | Noticed Natasha
  1312 | D:2      | Killed Natasha
  1320 | D:2      | Slain by a kobold

Illustrated notes

Levels and vault maps discovered:
D:1:      dpeg_arrival_refuge, layout_basic, serial_shops, shop
D:2:      layout_rooms, shapermc_ecumenical_altar_pompeii, uniq_natasha

Skill      XL: |  1  2  3 |
---------------+----------+-----
Fighting       | 4 |  4.3
Dodging        | 4 |  4.3
Short Blades   | |  2.0
Shields        | |  3.0

Action                     |  1- 3 |  4- 6 || total
---------------------------+-------+-------++-------
  Melee: Rapier            |    87 |    13 ||   100
         Constrict         |    25 |     4 ||    29
         Tentacles         |    14 |     2 ||    16
         Punch             |     1 |       ||     1
    Use: Potion            |       |     1 ||     1
   Stab: Sleeping          |     3 |     1 ||     4
 Armour: Skin              |    39 |    16 ||    55
  Dodge: Dodged            |    51 |    10 ||    61
  Block: Buckler           |    23 |     4 ||    27

Table legend: (Time is in decaauts)
 A = Elapsed time spent in this place.
 B = Non-inter-level travel time spent in this place.
 C = Inter-level travel time spent in this place.
 D = Time resting spent in this place.
 E = Time spent auto-exploring this place.
 F = Levels seen in this place.
 G = Mean time per level.
                   A        B        C        D        E       F      G
               +--------+--------+--------+--------+--------+-----+--------+
         Total |   1335 |   1272 |     63 |    169 |    609 |   2 |  667.5 |
       Dungeon |   1335 |   1272 |     63 |    169 |    609 |   2 |  667.5 |
               +--------+--------+--------+--------+--------+-----+--------+

Top non-repeatable levels by time:
     D:1: 1131 daAuts
     D:2: 204 daAuts
